 Dungeon Crawl Stone Soup version 0.28-a0-828-g0121872642 (webtiles) character file.

Game seed: 8619853366038162081

25 croobank the Caller (level 2, 0/11 HPs)
             Began as a Felid Summoner on Nov 10, 2021.
             Slain by an adder (3 damage)
             ... on level 2 of the Dungeon.
             The game lasted 00:06:15 (2133 turns).

croobank the Caller (Felid Summoner)                Turns: 2133, Time: 00:06:16

Health: 0/11       AC:  1    Str:  4    XL:     2   Next: 86%
Magic:  15/15      EV: 17    Int: 16    God:
Gold:   30         SH:  0    Dex: 16    Spells: 4/5 levels left
                                        Lives:  0   Deaths: 0

rFire   . . .      SeeInvis +   (weapon unavailable)
rCold   + . .      Faith    .   (shield unavailable)
rNeg    . . .      Spirit   .   (armour unavailable)
rPois   .          Reflect  .   (helmet unavailable)
rElec   .          Harm     .   (cloak unavailable)
rCorr   .          Rampage  .   (gloves unavailable)
Will    .....                   (boots unavailable)
Stlth   ++........              (no amulet)
HPRegen 0.03/turn               b - ring of magical power
MPRegen 0.14/turn               e - ring of protection from cold

@: lethally poisoned (0 -> -1), quick
A: very small, claws 1, fangs 3, see invisible, speed 1, shaggy fur 1, stealthy
paws, no weapons or thrown items, no armour, multi-lived
a: no special abilities


You were on level 2 of the Dungeon.
You visited 1 branch of the dungeon, and saw 2 of its levels.

You collected 30 gold pieces.

Inventory:

Missiles
 a - 2 boomerangs
Jewellery
 b - a ring of magical power (left paw)
 e - a ring of protection from cold (right paw)
Scrolls
 c - a scroll of brand weapon
 d - a scroll of identify
 f - a scroll of teleportation


   Skills:
 + Level 3.1 Dodging
 + Level 3.0 Stealth
 + Level 0.2 Unarmed Combat
 + Level 2.2 Spellcasting
 + Level 4.4 Summonings


You had 4 spell levels left.
You knew the following spells:

 Your Spells              Type           Power      Damage    Failure   Level
a - Summon Small Mammal   Summ           64%        N/A       3%          1

Your spell library contained the following spells:

 Spells                   Type           Power      Damage    Failure   Level
 Call Imp                 Summ           16%        N/A       4%          2
 Call Canine Familiar     Summ           16%        N/A       10%         3
 Summon Guardian Golem    Hex/Summ       8%         N/A       24%         3
 Summon Lightning Spire   Summ/Air       8%         N/A       63%         4


Dungeon Overview and Level Annotations

Branches:
Dungeon (2/15)

Altars:


Innate Abilities, Weirdness & Mutations

You have sharp claws.
You have razor-sharp teeth.
You have supernaturally acute eyesight. (SInv)
You cover ground quickly. (Speed+)
You are covered in fur. (AC +1)
Your paws help you pounce on unaware monsters.
You are incapable of wielding weapons or throwing items.
You cannot wear armour.
You gain extra lives every three experience levels.


Message History

The endoplasm misses you.
You scratch the endoplasm but do no damage.
The endoplasm is almost dead.
The endoplasm freezes you.
You are frozen.
You resist.
You scratch the endoplasm.
You kill the endoplasm!
Found a faded altar of an unknown god.
An adder comes into view.
You see here a scroll labelled TALIEC DEAN.
You see here a scroll labelled TALIEC DEAN.
f - a scroll labelled TALIEC DEAN
As you read the scroll of identify, it crumbles to dust.
f - a scroll of teleportation An adder is nearby!
The adder misses you.
You closely miss the adder. The adder completely misses you.
You scratch the adder.
The adder is moderately wounded.
The adder misses you.
You scratch the adder.
The adder is heavily wounded.
The adder barely misses you.
You scratch the adder.
The adder is almost dead.
The adder bites you.
You are poisoned.
The adder poisons you! The adder barely misses you.
You closely miss the adder.
The adder is severely wounded.
You feel sick. The adder closely misses you.
You completely miss the adder.
The adder is severely wounded.
You feel sick. The adder misses you.
You closely miss the adder. You bite the adder.
The adder is almost dead.
You feel sick. The adder bites you.
* * * LOW HITPOINT WARNING * * *
The adder bites you.
You die...

####### ###.._..### .
###.........#### ...
####...............
....##..................
.................###
......S@.###.......###
.......####..........###
.....######.............
#### ..#........#####
#.####.....# # #.
#.####.....## #
##..###...........# #
..................# #
....(..<.........)#


You could see an adder.

Vanquished Creatures
  A dart slug (D:1)
  5 ball pythons (D:1)
  3 endoplasms
  3 hobgoblins
  2 kobolds (D:1)
  A quokka (D:1)
  3 frilled lizards
18 creatures vanquished.

Vanquished Creatures (collateral kills)
  A bat (D:1)
  A frilled lizard (D:1)
  A kobold (D:1)
  A rat (D:1)
4 creatures vanquished.

Grand Total: 22 creatures vanquished

Notes
Turn   | Place    | Note
-------+----------+-------------------------------------------
     0 | D:1      | croobank the Felid Summoner began the quest for the Orb.
     0 | D:1      | Reached XP level 1. HP: 7/7 MP: 4/4
   695 | D:1      | Reached XP level 2. HP: 3/11 MP: 6/6
  2111 | D:2      | Found a faded altar of an unknown god.
  2133 | D:2      | Slain by an adder

Illustrated notes

Levels and vault maps discovered:
D:1:      dpeg_arrival_three_bigger_balls, layout_basic, serial_park_tiny_2,
          minivault_26, minmay_misc_feat_tower
D:2:      layout_basic, hellmonk_ecumenical_altar_zigzags

Skill      XL: |  1  2 |
---------------+-------+-----
Dodging        | 3 |  3.1
Stealth        | 3 |  3.0
Unarmed Combat | |  0.2
Spellcasting   | |  2.2
Summonings     | |  4.4

Action                   || total
-------------------------++-------
Melee: Unarmed           ||    74
       Bite              ||     5
 Cast: Summon Small Mamm ||     7
  Use: Scroll            ||     2
 Stab: Sleeping          ||     5
       Distracted        ||     1
Armor: Skin              ||     3
Dodge: Dodged            ||    56

Table legend: (Time is in decaauts)
 A = Elapsed time spent in this place.
 B = Non-inter-level travel time spent in this place.
 C = Inter-level travel time spent in this place.
 D = Time resting spent in this place.
 E = Time spent auto-exploring this place.
 F = Levels seen in this place.
 G = Mean time per level.
                   A        B        C        D        E       F      G
               +--------+--------+--------+--------+--------+-----+--------+
         Total |   1967 |   1963 |      4 |    711 |   1011 |   2 |  983.5 |
       Dungeon |   1967 |   1963 |      4 |    711 |   1011 |   2 |  983.5 |
               +--------+--------+--------+--------+--------+-----+--------+

Top non-repeatable levels by time:
     D:1: 1781 daAuts
     D:2: 186 daAuts
